 Dungeon Crawl Stone Soup version 0.31.0-12-g77e489cdc1 (webtiles) character file.

Game seed: 6555284989181773156

87753 Metae the Warrior (level 15, 0/141 HPs)
             Began as a Minotaur Fighter on Feb 13, 2024.
             Was a Believer of Uskayaw.
             Slain by a redback (6 damage)
             ... on level 2 of the Spider Nest.
             The game lasted 01:50:57 (24734 turns).

Metae the Warrior (Minotaur Fighter)               Turns: 24734, Time: 01:50:58

Health: 0/141      AC: 28    Str: 30      XL:     15   Next: 44%
Magic:  0/18       EV: 15    Int:  0 (1)  God:    Uskayaw [**....]
Gold:   1203       SH: 20    Dex:  7 (11) Spells: 14/14 levels left

rFire   + . .        z - +3 dagger (drain)
rCold   + . .        y - +0 tower shield
rNeg    . . .        V - +8 plate armour "Galikual" {rElec rCorr Str+3 Int-4 Stlth+}
rPois   .            (helmet restricted)
rElec   +            b - scarf {rC+ rF+}
rCorr   +            e - +2 pair of gloves
SInv    .            (no boots)
Will    +....        M - amulet of reflection Stlth
                     D - +4 ring of slaying
HPRegen 0.43/turn    E - +5 ring of evasion
MPRegen 0.16/turn

%: reflection
@: lethally poisoned (0 -> -23), marked, slowed, lost intelligence, unable to
read, very slow
A: horns 2, retaliatory headbutt
a: Renounce Religion, Stomp, Line Pass


You were on level 2 of the Spider Nest.
You worshipped Uskayaw.
Uskayaw was noncommittal.
You visited 5 branches of the dungeon, and saw 21 of its levels.
You also visited: Ossuary.

You collected 2703 gold pieces.
You spent 1500 gold pieces at shops.

Inventory:

Hand Weapons
 z - a +3 dagger of draining (weapon)
Missiles
 a - 3 poisoned darts
 l - 4 javelins
 p - 4 curare-tipped darts (quivered)
 N - 3 silver javelins
 W - a throwing net
Armour
 b - a scarf of resistance (worn)
 e - a +2 pair of gloves (worn)
 y - a +0 tower shield (worn)
 I - a +1 crystal plate armour
 V - the +8 plate armour "Galikual" (worn) {rElec rCorr Str+3 Int-4 Stlth+}
   (You found it on level 4 of the Lair of Beasts)

   Str+3:     It affects your strength (+3).
   Int-4:     It affects your intelligence (-4).
   rElec:     It insulates you from electricity.
   rCorr:     It protects you from acid and corrosion.
   Stlth+:    It makes you more stealthy.
Jewellery
 w - a +6 ring of intelligence
 D - a +4 ring of slaying (left hand)
 E - a +5 ring of evasion (right hand)
 J - a +4 ring of protection
 M - an amulet of reflection (around neck)
 P - a ring of poison resistance
Talismans
 k - a maw talisman
 r - a beast talisman
 Q - a serpent talisman
Wands
 o - a wand of digging (2)
 A - a wand of paralysis (13)
 F - a wand of flame (35)
 G - a wand of acid (7)
 H - a wand of iceblast (6)
 K - a wand of polymorph (13)
 S - a wand of mindburst (9)
Scrolls
 i - 4 scrolls of blinking
 j - 11 scrolls of teleportation
 q - a scroll of amnesia
 s - 2 scrolls of revelation
 t - 4 scrolls of enchant armour
 u - 6 scrolls of fog
 v - a scroll of immolation
 x - a scroll of fear
 L - a scroll of silence
 T - 2 scrolls of poison {unknown}
 X - a scroll of identify
Potions
 c - 12 potions of curing
 d - 5 potions of might
 f - 3 potions of attraction
 g - 2 potions of ambrosia {unknown}
 h - 2 potions of cancellation {unknown}
 m - 2 potions of brilliance {unknown}
 n - 11 potions of heal wounds
 B - 4 potions of haste
 C - a potion of resistance {unknown}
 O - 3 potions of lignification {unknown}
 R - 2 potions of mutation {unknown}
 U - 2 potions of enlightenment {unknown}
Miscellaneous
 Z - a lightning rod (4/4)


   Skills:
 + Level 15.5 Fighting
 + Level 11.3 Short Blades
 - Level 4.0 Polearms
 + Level 15.5 Armour
 + Level 13.6 Dodging
 + Level 11.8 Shields
 - Level 5.6 Invocations
 - Level 8.5 Evocations


You had 14 spell levels left.
You didn't know any spells.
Your spell library contained the following spells:

 Spells                   Type           Power      Damage    Failure   Level
 Necrotise                Necr           0%         1d4       100%        1
 Slow                     Hex            0%         N/A       100%        1
 Sting                    Conj/Alch      0%         1d3       100%        1
 Cigotuvi's Dreadful Rot  Necr/Alch/Air  0%         N/A       100%        2
 Ensorcelled Hibernation  Hex/Ice        0%         N/A       100%        2
 Jinxbite                 Hex            0%         N/A       100%        2
 Mercury Vapours          Alch/Air       0%         N/A       100%        2
 Confusing Touch          Hex            0%         N/A       100%        3
 Dazzling Flash           Conj/Hex       0%         N/A       100%        3
 Mephitic Cloud           Conj/Alch/Air  0%         N/A       100%        3
 Passwall                 Erth           0%         N/A       100%        3
 Sigil of Binding         Hex            0%         N/A       100%        3
 Swiftness                Air            0%         N/A       100%        3
 Vampiric Draining        Necr           0%         2d6       100%        3
 Animate Dead             Necr           0%         N/A       100%        4
 Ignite Poison            Fire/Alch      0%         N/A       100%        4
 Martyr's Knell           Necr/Summ      0%         N/A       100%        4
 Olgreb's Toxic Radiance  Alch           0%         N/A       100%        4
 Sticky Flame             Fire/Alch      0%         2d4       100%        4
 Borgnjor's Vile Clutch   Necr/Erth      0%         N/A       100%        5
 Curse of Agony           Necr           0%         N/A       100%        5
 Freezing Cloud           Conj/Ice/Air   0%         6-21      100%        5
 Silence                  Hex/Air        0%         N/A       100%        5
 Yara's Violent Unravell  Hex/Alch       0%         3d3       100%        5
 Death Channel            Necr           0%         N/A       100%        6
 Enfeeble                 Hex            0%         N/A       100%        7
 Ignition                 Fire           0%         3d3       100%        8


Dungeon Overview and Level Annotations

Branches:
Dungeon (10/15)            Temple (1/1) D:7            Lair (5/5) D:8
 Shoals (0/4) Lair:2       Spider (3/4) Lair:2        Slime (0/5) Lair:4
    Orc (2/2) D:10            Elf (0/3) Orc:2       Ossuary (visited)

Altars:
Ashenzari
Cheibriados
Dithmenos
Elyvilon
Fedhas
Gozag
Hepliaklqana
Kikubaaqudgha
Makhleb
Nemelex Xobeh
Okawaru
Qazlal
Ru
Sif Muna
Trog
Uskayaw
Vehumet
Wu Jian
Xom
Yredelemnul
Zin
The Shining One

Shops:
D:3 ?   D:4 *:!?   D:5 ?   Orc:2 :**(


Innate Abilities, Weirdness & Mutations

You have a pair of horns on your head.
You reflexively headbutt those who attack you in melee.


Message History

You block the entropy weaver's attack. x4
The redback bites you but does no damage.
The redback completely misses you.
You feel you are being watched by something.
You feel your power leaking away.
Something hits you but does no damage. x2
Something stings you but does no damage.
The redback bites you.
* * * LOW HITPOINT WARNING * * *
You are lethally poisoned!
The redback poisons you! The entropy weaver closely misses you.
You furiously retaliate!
You headbutt the entropy weaver. The entropy weaver misses you.
The entropy weaver barely misses you. The entropy weaver closely misses you.
The redback bites you but does no damage.
You feel you are being watched by something.
Something hits you but does no damage. x2
Something stings you but does no damage.
You climb upwards.
Reactivating autopickup.
* * * LOW HITPOINT WARNING * * *
You feel extremely sick.
There is a stone staircase leading down here.
You feel much better.
* * * LOW HITPOINT WARNING * * *
You feel extremely sick.
You block the redback's attack. x2; You block the entropy weaver's attack.
The entropy weaver barely misses you. You block the entropy weaver's attack.
The entropy weaver hits you but does no damage.
Something hits you.
* * * LOW HITPOINT WARNING * * *
Deactivating autopickup; reactivate with Ctrl-A.
Something hits you.
* * * LOW HITPOINT WARNING * * *
You feel clumsy. Something stings you!
* * * LOW HITPOINT WARNING * * *
You feel clumsy. The redback barely misses you. The redback bites you.
You die...

#....#...##..#.......
#.........####.......
#..#.................
######.........).....
#....#####...~~......
#..^........~~.......
#.....^.....~........
#..s.B.###.~~.#.#.~.~
#...@..#####~≈##≈≈≈≈#
#...#s..# #≈≈≈#≈≈≈≈##
##..~..## ###≈######
#...#.## ### #...####
#......###
#.....##.##
#....##...#
#....#....#


You could see an entropy weaver (very drained) and 2 redbacks.

Vanquished Creatures
  Frances (Spider:1)
  2 ghost moths (Spider:1)
  2 entropy weavers
  5 hydras
  2 anacondas (Lair:2)
  A boulder beetle (Spider:2)
  2 alligators (Lair:2)
  2 radroaches
  4 two-headed ogres
  4 catoblepae (Lair:5)
  10 death yaks
  3 demonic crawlers
  3 orc high priests (Orc:2)
  2 skysharks
  2 orb spiders (Spider:1)
  4 pharaoh ants
  5 orc knights
  4 steelbarb worms
  A lindwurm (Lair:4)
  2 oklob plants (Lair:4)
  7 wolf spiders
  4 orc sorcerers (Orc:2)
  A moth of wrath (Spider:2)
  2 manticores (Lair:5)
  A water nymph (Lair:2)
  8 elephants
  A gargoyle (D:10)
  3 black mambas
  2 kobold blastminers (Orc:2)
  7 torpor snails
  11 cane toads
  4 rime drakes
  10 komodo dragons
  3 trolls
  A merfolk (Lair:2)
  3 hornets
  4 tarantellas
  24 blink frogs
  Grinder (D:4)
  5 jumping spiders
  14 culicivoras
  6 wyverns
  84 yaks
  5 basilisks
  2 wargs
  2 steam dragons
  14 redbacks
  15 water moccasins
  An ice beast (D:7)
  9 orc warriors
  5 black bears
  3 ogres (Orc:2)
  13 wolves
  4 centaurs
  An elf zombie (Ossuary)
  A kobold brigand (D:6)
  Blork the orc (D:6)
  16 bullfrogs
  A gnoll sergeant (D:8)
  3 scorpions
  7 wights
  2 vampire bats
  3 howler monkeys (D:9)
  7 electric eels
  A lava snake (Lair:5)
  2 bombardier beetles
  3 centaur zombies (Ossuary)
  4 jellies
  2 human zombies (Ossuary)
  8 hounds
  9 orc priests
  A sleepcap (D:6)
  Ijyb (D:3)
  2 iguanas
  23 orc wizards
  2 hell rats (Lair:2)
  5 hound zombies (Ossuary)
  2 mummies (Ossuary)
  Robin (D:2)
  8 adders
  7 gnolls
  A shadow imp (D:6)
  A white imp (D:6)
  3 adder zombies (Ossuary)
  3 dart slugs (D:4)
  3 fire bats (D:3)
  A ribbon worm (D:3)
  47 orcs
  2 spectral bats (D:3)
  3 bat skeletons (D:3)
  A bat zombie (D:3)
  7 endoplasms
  5 giant cockroaches
  6 gnoll zombies (Ossuary)
  16 goblins
  10 hobgoblins
  6 jackals (D:3)
  5 quokkas
  3 ball pythons
  23 bats
  A bat simulacrum (D:3)
  3 frilled lizards
  6 jackal zombies (Ossuary)
  14 kobolds
  5 kobold zombies (Ossuary)
  6 orc zombies (Ossuary)
  9 rats
653 creatures vanquished.

Vanquished Creatures (others)
  A wight (D:6)
  A lava snake (Lair:5)
2 creatures vanquished.

Grand Total: 655 creatures vanquished

Notes
Turn   | Place    | Note
-------+----------+-------------------------------------------
     0 | D:1      | Metae the Minotaur Fighter began the quest for the Orb.
     0 | D:1      | Reached XP level 1. HP: 19/19 MP: 0/0
   257 | D:1      | Reached XP level 2. HP: 27/27 MP: 1/1
   783 | D:2      | Reached XP level 3. HP: 25/33 MP: 2/2
   932 | D:2      | Noticed Robin
   971 | D:2      | Killed Robin
  1435 | D:2      | Reached XP level 4. HP: 40/40 MP: 3/3
  2040 | D:3      | Reached XP level 5. HP: 37/47 MP: 4/4
  2441 | D:3      | Noticed Ijyb
  2442 | D:3      | Paralysed by Ijyb for 5 turns
  2455 | D:3      | Paralysed by Ijyb for 3 turns
  2462 | D:3      | Paralysed by Ijyb for 5 turns
  2467 | D:3      | Killed Ijyb
  2468 | D:3      | Reached skill level 5 in Shields
  2537 | D:3      | Found Qeareym's Magic Scroll Boutique.
  2542 | D:3      | Reached skill level 5 in Armour
  2546 | D:3      | Bought a scroll of identify for 20 gold pieces
  2546 | D:3      | Bought a scroll of blinking for 75 gold pieces
  2546 | D:3      | Bought a scroll of teleportation for 30 gold pieces
  2590 | D:3      | Reached skill level 5 in Fighting
  2627 | D:3      | Reached skill level 1 in Short Blades
  2627 | D:3      | Reached skill level 1 in Dodging
  2627 | D:3      | Reached XP level 6. HP: 56/56 MP: 5/5
  2943 | D:4      | Found a sand-covered staircase.
  2950 | Ossuary  | Entered an ossuary
  3076 | Ossuary  | Reached XP level 7. HP: 59/61 MP: 6/6
  3414 | D:4      | Found Cejurph's General Store.
  3511 | D:4      | Found Jererul's Book Shop.
  3527 | D:5      | Entered Level 5 of the Dungeon
  3568 | D:4      | Found Danurr's Magic Scroll Shop.
  3573 | D:4      | Bought a scroll of teleportation for 39 gold pieces
  3641 | D:4      | Found Viridwer's Distillery.
  3712 | D:4      | Found a broken altar of Ashenzari.
  3755 | D:4      | Noticed Grinder
  3767 | D:4      | Killed Grinder
  3833 | D:4      | Reached XP level 8. HP: 67/71 MP: 7/7
  4783 | D:5      | Found Zagijun's Magic Scroll Boutique.
  5209 | D:4      | Bought a potion of curing for 36 gold pieces
  5487 | D:6      | Found a radiant altar of Vehumet.
  5512 | D:6      | Reached XP level 9. HP: 76/79 MP: 8/8
  5521 | D:6      | Reached skill level 5 in Dodging
  5601 | D:6      | Reached skill level 5 in Short Blades
  5705 | D:6      | Noticed Blork the orc
  5713 | D:6      | Killed Blork the orc
  5784 | D:6      | Reached skill level 1 in Evocations
  6187 | D:7      | Found a staircase to the Ecumenical Temple.
  6206 | Temple   | Entered the Ecumenical Temple
  6243 | Temple   | Became a worshipper of Uskayaw the Reveller
  6325 | D:7      | Reached * piety under Uskayaw
  6331 | D:7      | Reached ** piety under Uskayaw
  6339 | D:7      | Reached *** piety under Uskayaw
  6598 | D:7      | Found an iron altar of Okawaru.
  6911 | D:7      | Reached skill level 1 in Invocations
  7154 | D:8      | Noticed a two-headed ogre
  7163 | D:8      | Killed a two-headed ogre
  7308 | D:8      | Reached XP level 10. HP: 89/90 MP: 10/10
  7308 | D:8      | Reached **** piety under Uskayaw
  7310 | D:8      | Noticed a two-headed ogre
  7314 | D:8      | Reached ***** piety under Uskayaw
  7325 | D:8      | Killed a two-headed ogre
  7399 | D:8      | Found a staircase to the Lair.
  7441 | D:8      | Reached ****** piety under Uskayaw
  8075 | D:9      | Found a burning altar of Makhleb.
  8176 | D:9      | Found a glowing silver altar of Zin.
  8409 | D:9      | Found a glowing golden altar of the Shining One.
  8719 | D:9      | Identified a scroll of acquirement
  8720 | D:9      | Acquired a +1 crystal plate armour
  8796 | D:10     | Entered Level 10 of the Dungeon
  8834 | D:10     | Reached skill level 10 in Fighting
  8834 | D:10     | Reached XP level 11. HP: 95/99 MP: 13/13
  8840 | D:10     | Found a staircase to the Orcish Mines.
  9065 | D:10     | Reached skill level 10 in Armour
  9070 | D:10     | Reached skill level 5 in Invocations
  9443 | D:10     | Noticed a two-headed ogre
  9452 | D:10     | Killed a two-headed ogre
  9643 | D:10     | Found a shimmering altar of Xom.
  9643 | D:10     | Found an ornate altar of the Wu Jian Council.
  9983 | Orc:1    | Entered Level 1 of the Orcish Mines
 10250 | Orc:1    | Noticed an orc knight
 10266 | Orc:1    | Killed an orc knight
 10695 | Orc:2    | Entered Level 2 of the Orcish Mines
 10857 | Orc:2    | Noticed a two-headed ogre
 10866 | Orc:2    | Killed a two-headed ogre
 11010 | Orc:2    | Found a staircase to the Elven Halls.
 11254 | Orc:2    | Noticed an orc sorcerer
 11259 | Orc:2    | Noticed an orc high priest
 11259 | Orc:2    | Noticed an orc knight
 11260 | Orc:2    | Found Cam Tely's Book Emporium.
 11266 | Orc:2    | Noticed an orc sorcerer
 11273 | Orc:2    | Killed an orc knight
 11274 | Orc:2    | Killed an orc sorcerer
 11279 | Orc:2    | Killed an orc high priest
 11281 | Orc:2    | Noticed an orc high priest
 11281 | Orc:2    | Noticed an orc sorcerer
 11291 | Orc:2    | Killed an orc sorcerer
 11319 | Orc:2    | Killed an orc sorcerer
 11320 | Orc:2    | Reached XP level 12. HP: 60/110 MP: 15/15
 11587 | Orc:2    | Killed an orc high priest
 11861 | Orc:2    | Noticed an orc high priest
 11870 | Orc:2    | Killed an orc high priest
 11901 | Orc:2    | Found Migruat Tigu's Assorted Antiques.
 11902 | Orc:2    | Found Vageew's Antique Weapon Boutique.
 11902 | Orc:2    | Found Erodghon's General Store.
 12585 | Lair:1   | Entered Level 1 of the Lair of Beasts
 13059 | Lair:1   | Reached skill level 10 in Short Blades
 13059 | Lair:1   | Reached skill level 10 in Dodging
 13567 | Lair:2   | Reached skill level 5 in Evocations
 13700 | Lair:2   | Found a hole to the Spider Nest.
 14008 | Lair:2   | Noticed an anaconda
 14113 | Lair:2   | Reached XP level 13. HP: 84/119 MP: 16/16
 14678 | Lair:2   | Found a staircase to the Shoals.
 15605 | Orc:2    | Bought a scroll of acquirement for 1300 gold pieces
 15605 | Orc:2    | Acquired 529 gold pieces
 15868 | Lair:3   | Found a runed translucent door.
 16730 | Lair:4   | Identified the +8 plate armour "Galikual" {rElec rCorr
                  | Str+3 Int-4 Stlth+}
 16850 | Lair:4   | Found a staircase to the Slime Pits.
 17465 | Lair:4   | Reached XP level 14. HP: 127/130 MP: 17/17
 17738 | Lair:5   | Entered Level 5 of the Lair of Beasts
 18493 | Lair:5   | Reached skill level 10 in Shields
 19674 | Spider:1 | Entered Level 1 of the Spider Nest
 19720 | Spider:1 | Lost intelligence.
 19726 | Spider:1 | Killed a ghost moth
 21820 | Spider:1 | Reached skill level 15 in Fighting
 21820 | Spider:1 | Reached XP level 15. HP: 141/141 MP: 18/18
 21882 | Spider:1 | Reached skill level 15 in Armour
 22104 | Spider:1 | Lost intelligence.
 22581 | Spider:1 | Noticed Frances
 22592 | Spider:1 | Killed Frances
 24727 | Spider:3 | Lost intelligence.
 24733 | Spider:2 | HP: 3/141 [poisoned by a redback]
 24734 | Spider:2 | Slain by a redback

Illustrated notes

Levels and vault maps discovered:
D:1:      roadster_arrival_rocket_small, layout_loops_ring, dk_noncrumbling_3
D:2:      layout_basic, hangedman_decor_push, minmay_diced_spiral, uniq_robin
D:3:      layout_rooms, serial_shops, nicolae_diamond_shop, wad_floor_pattern_2,
          st_stairs_13, goddamned_bats, uniq_ijyb
D:4:      layout_basic, lemuel_doored_altar, enter_ossuary_2, serial_shops,
          nicolae_take_the_stairs, shop, shop, shop, uniq_grinder
D:5:      layout_cave_pods, serial_shops, nicolae_shop_rolled_up
D:6:      layout_basic, vehumet_crystals, uniq_blork_the_orc
D:7:      layout_loops_corners, mainiacjoe_overflow_alcove_1,
          minmay_temple_entry_overgrown, minmay_misc_feat_nine_boxes,
          corexii_hall_statues_i, nicolae_tricolors
D:8:      minmay_skewed_foursquare, layout_rooms, minmay_lair_entry_grove,
          amcnicky_mini_rare_corridor_liquid
D:9:      layout_roguey, nicolae_tso_swordbearing_angel, general_overflow_altar,
          zin_scriptorium
D:10:     layout_big_octagon, gammafunk_temple_overflow_statue,
          minmay_orc_entry_guard_dogs, hangedman_decor_lopped, kennysheep_donut
Temple:   nicolae_temple_great_sept
Lair:1:   layout_roguey, roderic_batcave
Lair:2:   hellmonk_destroyed_diamonds, layout_small_grid,
          nicolae_shoals_entry_flooding, nicolae_spider_entry_lesser_pyramids,
          nicolae_quartered_pool_medium, nicolae_lair_lakeside_cave
Lair:3:   layout_gridlike, pf_torpor_hydra
Lair:4:   layout_long_grid, minmay_slime_entry_oklob_enclosed
Lair:5:   evilmike_catoblepas_cave, layout_cave_pods,
          nicolae_lair_liquid_snakes, infiniplex_staircase_pool
Spider:1: layout_spider_delve, uniq_frances
Spider:2: layout_spider_delve, nicolae_spider_bug_shape
Spider:3: layout_cave_pods, drop_trap, hangedman_spider_tarantella_strand
Orc:1:    layout_diamond_mine, nicolae_orc_crystal_geode
Orc:2:    st_orc_elflike, layout_caves

Skill      XL: |  1  2  3  4  5  6  7  8  9 10 11 12 13 14 15 |
---------------+----------------------------------------------+-----
Fighting       | 4 5 6 7 8 10 11 12 13 15 | 15.5
Shields        | 4 5 6 7 9 10 11 | 11.8
Armour         | 4 5 6 7 8 9 11 12 13 14 15 | 15.5
Polearms       | 3 4 |  4.0
Short Blades   | 1 2 3 4 6 7 9 10 11 | 11.3
Dodging        | 1 2 3 4 6 7 9 10 11 13 | 13.6
Evocations     | 1 3 5 7 8 |  8.5
Invocations    | 2 4 5 |  5.6

Action                     |  1- 3 |  4- 6 |  7- 9 | 10-12 | 13-15 || total
---------------------------+-------+-------+-------+-------+-------++-------
  Melee: Trident           |    93 |    87 |       |       |       ||   180
         Headbutt          |     7 |    43 |    91 |   173 |   360 ||   674
         Dagger            |       |   161 |   343 |   698 |  1199 ||  2401
  Throw: Dart              |       |       |       |     6 |     1 ||     7
 Invoke: Stomp             |       |       |       |     1 |       ||     1
  Evoke: Wand              |       |       |     2 |     9 |    10 ||    21
         Lightning rod     |       |       |       |       |     1 ||     1
    Use: Scroll            |     1 |     3 |     3 |    10 |     3 ||    20
         Potion            |     1 |       |       |       |     4 ||     5
   Stab: Paralysed         |       |       |     4 |    40 |    98 ||   142
 Armour: Scale mail        |    75 |    19 |       |       |       ||    94
         Chain mail        |       |   217 |   149 |    41 |       ||   407
         Crystal plate arm |       |       |       |   175 |   120 ||   295
         Plate armour      |       |       |       |       |   581 ||   581
  Dodge: Dodged            |    50 |    95 |    89 |   122 |   402 ||   758
  Block: Buckler           |    30 |    14 |       |       |       ||    44
         Tower shield      |       |   200 |   280 |   610 |  1448 ||  2538
         Reflection        |       |       |    10 |    10 |     3 ||    23
